 Dungeon Crawl Stone Soup version 0.19.0-9-gfd783f2 (webtiles) character file.

38015 cedor the Nimble (level 13, -5/120 HPs)
             Began as a High Elf Artificer on Nov 6, 2016.
             Was a High Priest of Hepliaklqana.
             Slain by a six-headed hydra (8 damage)
             ... on level 6 of the Lair of Beasts on Nov 7, 2016.
             The game lasted 01:33:45 (20039 turns).

cedor the Nimble (High Elf Artificer)              Turns: 20039, Time: 01:33:46

Health: -5/120     AC: 11    Str: 16    XL:     13   Next: 61%
Magic:  19/19      EV: 25    Int: 18    God:    Hepliaklqana [*****.]
Gold:   669        SH:  0    Dex: 19    Spells: 1 memorised, 11 levels left

rFire  . . .     SeeInvis .     a - +4 long sword
rCold  . . .     Gourm    .     U - +3 ring mail
rNeg   . . .     Faith    .     (no shield)
rPois  +         Spirit   .     m - +2 hat
rElec  .         Reflect  .     (no cloak)
rCorr  .         Harm     .     (no gloves)
MR     +....                    H - +0 pair of boots
Stlth  ..........               (no amulet)
                                h - ring of poison resistance
                                s - +4 ring of evasion

@: berserking (expiring), very quick
A: reduced essence
a: Recall Ancestor, Ancestor Identity, Transference, Idealise, Renounce Religion


You were on level 6 of the Lair of Beasts.
You worshipped Hepliaklqana.
Hepliaklqana was extremely pleased with you.
You were not hungry.

You visited 2 branches of the dungeon, and saw 15 of its levels.
You also visited: Ice Cave.

You collected 669 gold pieces.


   Skills:
 + Level 8.7 Fighting
 - Level 9.0(12.2) Short Blades
 - Level 13.3(14.2) Long Blades
 + Level 0.0 Bows
 * Level 13.8 Dodging
 + Level 8.8 Stealth
 - Level 7.0 Invocations
 + Level 7.8 Evocations


You had 11 spell levels left.
You knew the following spells:

 Your Spells              Type           Power        Failure   Level  Hunger
e - Apportation           Tloc           #.........   41%         1    ##.....

Inventory:

Hand Weapons
 a - a +4 long sword (weapon)
 b - the +0 shortbow "Newtslayer" {flame, rF- Int+2 SInv}

   It causes projectiles fired from it to burn those they strike, causing extra
   injury to most foes and up to half again as much damage against particularly
   susceptible opponents.
   It affects your intelligence (+2).
   It makes you vulnerable to fire.
   It lets you see invisible.
 n - a +3 falchion of freezing
 F - a +3 blowgun
 Q - a +0 shortbow of freezing
 R - a +0 dagger of electrocution
 S - a +2 falchion of slicing
Missiles
 l - 5 javelins (quivered)
 G - 109 arrows
 M - 45 poisoned needles
Armour
 m - a +2 hat (worn)
 H - a +0 pair of boots (worn)
 N - a +2 ring mail of magic resistance
 U - a +3 ring mail (worn)
Magical Staves
 w - an uncursed staff of summoning {unknown}
Jewellery
 h - a ring of poison resistance (right hand)
 s - a +4 ring of evasion (left hand)
 v - an uncursed ring of protection from magic
 x - an uncursed ring of protection from fire
 Y - an uncursed ring of wizardry
Wands
 c - a wand of acid (0/15)
 d - a wand of enslavement (13/24)
 e - a wand of random effects (14/48)
 o - a wand of polymorph (6/24)
 B - a wand of teleportation (0/9) {!d@v4}
 C - a wand of digging (5/24)
 W - a wand of iceblast (2/15)
Scrolls
 j - 2 scrolls of teleportation {@r4}
 k - 13 scrolls of identify {@r1}
 y - a scroll of magic mapping
 A - 8 scrolls of remove curse
 I - a scroll of recharging
Potions
 p - a potion of mutation {!q}
 q - a potion of haste {@q3}
 u - 2 potions of cancellation
 z - 4 potions of lignification {!q}
 J - 2 potions of cure mutation
Books
 i - a book of Cantrips

   Spells                             Type                      Level
   a - Confusing Touch                Hexes                        1
   b - Animate Skeleton               Necromancy                   1
   c - Summon Small Mammal            Summoning                    1
   d - Apportation                    Translocation                1
 r - a book of Unlife

   Spells                             Type                      Level
   a - Recall                         Summoning/Translocation      3
   b - Animate Dead                   Necromancy                   4
   c - Control Undead                 Necromancy                   4
   d - Cigotuvi's Embrace             Necromancy                   5
   e - Death Channel                  Necromancy                   6
   f - Simulacrum                     Ice/Necromancy               6
 t - a book of Clouds

   Spells                             Type                      Level
   a - Mephitic Cloud                 Conjuration/Poison/Air       3
   b - Conjure Flame                  Conjuration/Fire             3
   c - Poisonous Cloud                Conjuration/Poison/Air       6
   d - Freezing Cloud                 Conjuration/Ice/Air          6
   e - Ring of Flames                 Charms/Fire                  7
Miscellaneous
 V - a sack of spiders
Comestibles
 f - 6 bread rations
 E - 9 meat rations

Dungeon Overview and Level Annotations

Branches:
Dungeon (9/15)             Temple (0/1) D:4            Lair (6/6) D:9
  Snake (0/4) Lair:2        Slime (0/5) Lair:5
  Swamp: Lair:2-4    Shoals: Lair:2-4       Orc: D:9-12

Altars:
Elyvilon
Gozag
Hepliaklqana
Kikubaaqudgha
Makhleb
Nemelex Xobeh
Okawaru
Qazlal
Ru
Vehumet

Annotations:
D:9 p0werm0de's ghost, novice NaWn
Lair:5 p0werm0de's ghost, journeyman NaCK

........≈▒≈≈≈▒≈≈≈≈≈≈≈▒≈≈≈≈▒≈≈▒≈≈.
.........▒≈≈≈▒≈≈≈≈P≈≈≈≈≈≈8▒≈≈▒▒≈.
........≈≈≈≈≈▒▒▒▒▒▒▒▒.▒▒▒▒▒≈≈≈≈..
.........≈≈≈≈▒8P≈≈≈≈≈≈≈≈≈.▒≈≈≈≈≈.
.........≈▒≈≈▒≈≈≈≈≈≈≈P≈≈≈≈▒≈≈▒▒..
........≈▒▒≈≈▒≈≈≈R≈≈≈≈≈≈≈≈▒≈≈≈≈P.
........≈≈≈≈≈▒▒≈≈P▒P≈▒≈≈≈▒≈≈≈≈≈..
.........≈≈≈≈≈≈SD≈≈≈≈≈≈≈≈≈≈≈≈≈≈..
........≈▒▒≈≈▒▒≈e▒▒≈≈≈≈≈≈▒▒≈≈▒▒≈.
.........≈▒≈≈▒▒≈≈▒▒≈≈▒▒≈≈▒▒≈≈▒▒..
........≈.≈..≈.≈≈...≈≈≈P≈.≈≈≈..≈.
.................................
...........<.....................
.................................
.................................
............fff........).........
▒▒.PP▒.▒▒▒▒.Pf.▒.▒▒f▒▒.▒.P▒..▒..▒


You could see the friendly Ku-aya the hexer, a six-headed hydra and a sea snake.


Message History

* * * LOW HITPOINT WARNING * * *
The six-headed hydra bites you!
* * * LOW HITPOINT WARNING * * *
Ku-aya hits the sea snake with a dagger of draining!
Ku-aya drains the sea snake!
The sea snake completely misses Ku-aya.
The six-headed hydra bites you!
* * * LOW HITPOINT WARNING * * *
The six-headed hydra misses you. The six-headed hydra bites you.
* * * LOW HITPOINT WARNING * * *
The six-headed hydra bites you but does no damage.
The six-headed hydra completely misses you.
The six-headed hydra misses you. The sea snake bites you.
* * * LOW HITPOINT WARNING * * *
Okay, then.
Really quaff
D - a potion of berserk rage {!q}?
A red film seems to cover your vision as you go berserk!
You feel yourself moving faster!
You feel mighty!
The six-headed hydra bites you but does no damage.
The six-headed hydra bites you!
* * * LOW HITPOINT WARNING * * *
The six-headed hydra completely misses you. x3
The six-headed hydra bites you.
* * * LOW HITPOINT WARNING * * *
The sea snake barely misses you.
You riposte.
Your unstable footing causes you to fumble your attack.
You feel a strong urge to attack something.
Ku-aya casts a spell at the sea snake.
The six-headed hydra resists with almost no effort.
The six-headed hydra bites you!
You die...

Action                   |  1- 3 |  4- 6 |  7- 9 | 10-12 | 13-15 || total
-------------------------+-------+-------+-------+-------+-------++-------
Melee: Short sword       |    78 |   189 |   134 |       |       ||   401
       Scimitar          |       |       |    30 |       |       ||    30
       Long sword        |       |       |    40 |   614 |   397 ||  1051
       Rapier            |       |       |    12 |     1 |       ||    13
       Falchion          |       |       |   136 |   131 |       ||   267
 Fire: Hunting sling     |     3 |       |       |       |       ||     3
       Shortbow          |       |       |       |    15 |       ||    15
       Blowgun           |       |       |       |     3 |       ||     3
Throw: Javelin           |     3 |     1 |    10 |     1 |     1 ||    16
 Cast: Apportation       |       |       |       |     3 |       ||     3
Invok: Ancestor Life: He |       |       |     1 |       |       ||     1
       Recall Ancestor   |       |       |       |    11 |     4 ||    15
Evoke: Wand              |     4 |    19 |     4 |    22 |    11 ||    60
       Sack of spiders   |       |       |       |     1 |     4 ||     5
  Use: Potion            |       |     5 |       |     4 |     2 ||    11
       Scroll            |       |       |    18 |     9 |     4 ||    31
 Stab: Sleeping          |     2 |     8 |    13 |     2 |     2 ||    27
       Distracted        |       |     1 |     7 |    15 |     9 ||    32
       Confused          |       |       |     7 |     5 |     6 ||    18
       Paralysed         |       |       |       |     1 |       ||     1
       Held in net/web   |       |       |       |       |     3 ||     3
  Eat: Chunk             |       |     8 |    12 |    17 |     1 ||    38
       Pizza             |       |     1 |       |       |       ||     1
       Fruit             |       |       |     2 |       |       ||     2
       Beef jerky        |       |       |     1 |     3 |       ||     4
       Bread ration      |       |       |       |     2 |     2 ||     4
Armor: Leather armour    |    14 |    30 |    17 |       |       ||    61
       Ring mail         |       |       |    17 |   163 |    44 ||   224
Dodge: Dodged            |    47 |    68 |   199 |   683 |   278 ||  1275
       Rpst.: Long sword |       |       |    12 |   148 |    67 ||   227
       Scimitar          |       |       |     5 |       |       ||     5
       Falchion          |       |       |    27 |    21 |       ||    48

Vault maps used:
D:1:      elethiomel_arrival_shortcut
D:2:      grunt_temple_overflow_diamond, first_bread, uniq_robin, uniq_sigmund
D:3:      nicolae_overflow_hidden_temple, ecumenical_altar_2
D:5:      nemelex_altar_shiori, serial_corexii_hall, corexii_hall_statues_l,
          corexii_hall_statues_x, uniq_edmund, uniq_blork_the_orc, uniq_pikel
D:6:      okawaru_gym_becter, uniq_duvessa
D:7:      elyvilon_altar_4
D:8:      lemuel_doored_altar, old_standard_altar, marbit_many_paths,
          grunt_livestock
D:9:      old_standard_altar, slow_altar_1, dpeg_lair_monsters,
          david_orc_1_choice
Lair:1:   lemuel_fruit_tree
Lair:2:   minmay_snake_entry_guardpost_medium, portal_ice_cave_entry_ice_beasts,
          uniq_harold
Lair:3:   swamp_mist, serial_bayou_shore_a, uniq_urug, uniq_nergalle,
          uniq_prince_ribbit2
Lair:5:   nicolae_slime_entry_slimehenge, zaba_antful_of_joy
Lair:6:   gammafunk_lair_ancient_temple, basic_altar
IceCv:    ice_cave_tombish

Notes
Turn   | Place    | Note
-------+----------+-------------------------------------------
     0 | D:1      | cedor the High Elf Artificer began the quest for the Orb.
     0 | D:1      | Reached XP level 1. HP: 13/13 MP: 4/4
   310 | D:1      | Reached skill level 2 in Short Blades
   310 | D:1      | Reached skill level 2 in Stealth
   310 | D:1      | Reached XP level 2. HP: 18/18 MP: 5/5
   627 | D:2      | Noticed Robin
   634 | D:2      | Killed Robin
   634 | D:2      | Reached XP level 3. HP: 11/23 MP: 6/6
   831 | D:2      | Reached skill level 3 in Stealth
   855 | D:2      | Noticed Sigmund
   878 | D:2      | Killed Sigmund
   878 | D:2      | Reached skill level 4 in Short Blades
   878 | D:2      | Reached skill level 4 in Stealth
   878 | D:2      | Reached XP level 4. HP: 28/28 MP: 7/7
   878 | D:2      | Reached XP level 5. HP: 33/33 MP: 8/8
  1184 | D:2      | Reached skill level 5 in Short Blades
  1285 | D:2      | Found a hazy altar of Hepliaklqana.
  1289 | D:2      | Became a worshipper of Hepliaklqana the Forgotten
  1293 | D:2      | Found a burning altar of Makhleb.
  1296 | D:2      | Found a sacrificial altar of Ru.
  1631 | D:3      | Found a faded altar of an unknown god.
  2010 | D:3      | Found an ancient bone altar of Kikubaaqudgha.
  2516 | D:4      | Reached * piety under Hepliaklqana
  2848 | D:4      | Found a staircase to the Ecumenical Temple.
  2878 | D:4      | Reached XP level 6. HP: 19/34 MP: 9/9
  3510 | D:4      | Reached skill level 6 in Short Blades
  3761 | D:5      | Entered Level 5 of the Dungeon
  3774 | D:5      | Found a sparkling altar of Nemelex Xobeh.
  3832 | D:5      | Noticed Edmund
  3840 | D:5      | Reached skill level 3 in Dodging
  3846 | D:5      | Reached skill level 2 in Fighting
  4176 | D:5      | Killed Edmund
  4176 | D:5      | Reached skill level 5 in Stealth
  4176 | D:5      | Reached XP level 7. HP: 5/40 MP: 10/10
  4460 | D:5      | Noticed Pikel
  4558 | D:5      | Killed Pikel
  4558 | D:5      | Reached skill level 3 in Fighting
  4558 | D:5      | Reached skill level 7 in Short Blades
  4558 | D:5      | Reached skill level 4 in Dodging
  4558 | D:5      | Reached XP level 8. HP: 22/46 MP: 11/11
  4760 | D:5      | Reached ** piety under Hepliaklqana
  4825 | D:5      | Noticed Blork the orc
  4825 | D:5      | Reached skill level 6 in Stealth
  4836 | D:5      | Killed Blork the orc
  5187 | D:5      | Remembered your ancestor Ku-aya as a hexer
  5196 | D:5      | Reached skill level 8 in Short Blades
  5669 | D:6      | Reached skill level 1 in Long Blades
  5817 | D:6      | Reached skill level 4 in Fighting
  5817 | D:6      | Reached skill level 5 in Dodging
  5853 | D:6      | Reached skill level 2 in Long Blades
  5861 | D:6      | Upgraded the game from 0.19.0-2-gae57169 to 0.19.0-9-gfd783f2
  6060 | D:6      | Reached skill level 3 in Long Blades
  6277 | D:6      | Found an iron altar of Okawaru.
  6344 | D:6      | Noticed Duvessa
  6345 | D:6      | Noticed Dowan
  6354 | D:6      | Killed Dowan
  6398 | D:6      | Killed Duvessa
  6398 | D:6      | Reached skill level 4 in Long Blades
  6788 | D:7      | Reached XP level 9. HP: 52/52 MP: 12/12
  6846 | D:7      | Reached skill level 9 in Short Blades
  7007 | D:7      | Reached skill level 5 in Long Blades
  7020 | D:7      | Reached skill level 6 in Dodging
  7114 | D:7      | Reached *** piety under Hepliaklqana
  7253 | D:7      | Found a white marble altar of Elyvilon.
  7686 | D:8      | Reached skill level 6 in Long Blades
  7879 | D:8      | Reached skill level 7 in Long Blades
  8147 | D:8      | Found an opulent altar of Gozag.
  8168 | D:8      | Found a radiant altar of Vehumet.
  8177 | D:8      | Reached skill level 7 in Dodging
  8258 | D:8      | Found a stormy altar of Qazlal.
  8339 | D:8      | Reached skill level 8 in Long Blades
  8370 | D:8      | Reached skill level 7 in Stealth
  8453 | D:8      | Reached XP level 10. HP: 43/56 MP: 13/13
  8553 | D:8      | Reached skill level 9 in Long Blades
  9202 | D:9      | Noticed a spiny frog
  9203 | D:9      | Found a staircase to the Lair.
  9232 | D:8      | a spiny frog changed into something unseen
  9295 | D:8      | Killed an unseen horror
  9295 | D:8      | Reached skill level 8 in Dodging
  9578 | D:9      | Noticed p0werm0de's ghost (novice NaWn)
  9595 | D:8      | Reached skill level 10 in Long Blades
  9663 | D:9      | Reached skill level 8 in Stealth
  9794 | Lair:1   | Entered Level 1 of the Lair of Beasts
  9920 | Lair:1   | Reached **** piety under Hepliaklqana
 10059 | Lair:2   | Noticed Harold
 10083 | Lair:2   | Killed Harold
 10083 | Lair:2   | Reached skill level 11 in Long Blades
 10083 | Lair:2   | Reached skill level 9 in Dodging
 10083 | Lair:2   | Reached skill level 2 in Invocations
 10133 | Lair:2   | Reached skill level 3 in Invocations
 10140 | Lair:2   | Found a frozen archway.
 10148 | Lair:2   | Reached XP level 11. HP: 51/62 MP: 14/14
 10162 | Lair:2   | Noticed a four-headed hydra
 10180 | Lair:2   | Killed a four-headed hydra
 10209 | IceCv    | Entered an ice cave
 10568 | Lair:2   | Reached skill level 4 in Invocations
 11173 | Lair:3   | Noticed Prince Ribbit
 11186 | Lair:3   | Reached skill level 5 in Invocations
 11198 | Lair:3   | Killed Prince Ribbit
 11219 | Lair:3   | Reached skill level 5 in Fighting
 11587 | Lair:3   | Noticed Nergalle
 11606 | Lair:3   | Killed Nergalle
 11606 | Lair:3   | Reached skill level 6 in Invocations
 12028 | Lair:4   | Reached skill level 4 in Evocations
 12277 | Lair:4   | Got a scorched shortbow
 12284 | Lair:4   | Identified the +0 shortbow "Newtslayer" {flame, rF- Int+2 SInv} (You found it on level 4 of the Lair of Beasts)
 12404 | Lair:1   | Reached skill level 10 in Dodging
 12430 | Lair:1   | Reached skill level 12 in Long Blades
 12945 | Lair:4   | Reached XP level 12. HP: 45/70 MP: 16/18
 13078 | Lair:4   | Reached skill level 7 in Invocations
 13157 | Lair:4   | Reached skill level 6 in Fighting
 13344 | Lair:4   | Learned a level 1 spell: Apportation
 13758 | Lair:5   | Noticed p0werm0de's ghost (journeyman NaCK)
 13823 | Lair:4   | Reached skill level 5 in Evocations
 14052 | Lair:5   | Reached skill level 11 in Dodging
 14062 | Lair:5   | Identified a wand of teleportation
 14309 | Lair:6   | Entered Level 6 of the Lair of Beasts
 14374 | Lair:6   | Reached ***** piety under Hepliaklqana
 14636 | Lair:6   | HP: 6/72 [komodo dragon (19)]
 14975 | Lair:5   | Reached skill level 6 in Evocations
 15102 | Lair:6   | Noticed a dire elephant
 15179 | Lair:5   | Reached skill level 7 in Fighting
 15570 | Lair:6   | Reached skill level 12 in Dodging
 15588 | Lair:6   | Noticed a merfolk avatar
 15608 | Lair:6   | Reached skill level 13 in Long Blades
 15776 | Lair:4   | Killed a dire elephant
 16329 | Lair:5   | Reached XP level 13. HP: 69/77 MP: 19/19
 16478 | Lair:5   | Noticed an entropy weaver
 17023 | Lair:5   | Killed an entropy weaver
 17121 | Lair:5   | Reached skill level 7 in Evocations
 17687 | Lair:5   | Noticed an entropy weaver
 17698 | Lair:5   | Killed an entropy weaver
 17701 | Lair:5   | HP: 7/79 [soldier ant (9)]
 18077 | Lair:5   | Reached skill level 8 in Fighting
 18141 | Lair:5   | Reached skill level 13 in Dodging
 18404 | Lair:5   | Found a staircase to the Slime Pits.
 20038 | Lair:6   | HP: 6/120 [six-headed hydra (10)]
 20039 | Lair:6   | Slain by a six-headed hydra

Vanquished Creatures
  A dire elephant (Lair:4)
  2 hydras
  A queen ant (Lair:5)
  Nergalle (Lair:3)
  Pikel (D:5)
  5 black mambas
  10 elephants
  5 spiny frogs
  6 rime drakes
  2 komodo dragons (Lair:6)
  A hornet (Lair:6)
  Prince Ribbit (Lair:3)
  6 hippogriffs
  A wind drake (Lair:6)
  5 polar bears
  5 blink frogs
  A wyvern (Lair:6)
  A human (D:8)
  Sigmund (D:2)
  9 yaks
  2 basilisks
  A hog (D:8)
  10 water moccasins
  11 soldier ants (Lair:5)
  Edmund (D:5)
  3 porcupines
  An orc warrior (D:8)
  5 ice beasts (Lair:2)
  A centaur (D:6)
  3 ogres
  6 wolves (Lair:2)
  11 crocodiles
  14 bullfrogs
  A scorpion (D:7)
  3 wights (D:7)
  An electric eel (Lair:3)
  A bullfrog zombie (D:8)
  3 crimson imps
  3 hounds
  An orc priest (D:6)
  2 jellies (Lair:5)
  2 bullfrog skeletons
  6 orc wizards
  7 hell rats
  2 hexers
  4 iguanas
  15 worker ants
  A hound skeleton (D:6)
  A worker ant zombie (D:8)
  Robin (D:2)
  3 adders
  A shadow imp (D:5)
  5 oozes
  A worm (D:3)
  3 dart slugs
  2 leopard geckos
  23 orcs
  4 bats
  5 giant cockroaches
  11 goblins
  6 hobgoblins
  3 quokkas
  2 ball pythons
  A frilled lizard (D:4)
  6 kobolds
  A quokka skeleton (D:6)
  A quokka zombie (D:8)
  7 rats
  A fungus (Lair:4)
274 creatures vanquished.

Vanquished Creatures (collateral kills)
  2 entropy weavers (Lair:5)
  Harold (Lair:2)
  A merfolk avatar (Lair:6)
  An unseen horror (D:8)
  A sea snake (Lair:6)
  A black mamba (Lair:5)
  3 spiny frogs
  A torpor snail (Lair:6)
  6 elephants
  A rime drake (Lair:6)
  2 two-headed ogres (D:8)
  A polar bear (Lair:6)
  2 hippogriffs
  3 blink frogs
  3 yaks
  A basilisk (Lair:3)
  A hog (D:8)
  A hungry ghost (D:8)
  4 water moccasins
  3 porcupines
  4 soldier ants (Lair:5)
  Duvessa (D:6)
  An orc warrior (D:7)
  3 ice beasts (Lair:2)
  A centaur (D:8)
  2 crocodiles
  Blork the orc (D:5)
  A big kobold (D:9)
  A scorpion (D:5)
  Dowan (D:6)
  A crimson imp (D:7)
  A hound (D:8)
  2 bullfrog skeletons (D:8)
  10 worker ants
  4 hell rats
  3 adders
  4 shadow imps
  An ooze (Lair:5)
  An adder skeleton (D:8)
  2 leopard geckos
  3 orcs
  A hobgoblin (D:3)
  A kobold (D:3)
  A plant (Lair:5)
90 creatures vanquished.

Vanquished Creatures (others)
  A slave (D:5)
  8 hexers
  A quokka (D:7)
  A bush (Lair:5)
  8 fungi
  14 plants
33 creatures vanquished.

Grand Total: 397 creatures vanquished
